 Dungeon Crawl Stone Soup version 0.21-a0-450-gd87a9b2 (webtiles) character file.

319 mortelune the Cudgeler (level 6, 0/39 HPs)
             Began as a Gargoyle Fighter on Nov 18, 2017.
             Slain by a slave (3 damage)
             ... led by Pikel
             ... on level 3 of the Dungeon.
             The game lasted 00:08:53 (2780 turns).

mortelune the Cudgeler (Gargoyle Fighter)           Turns: 2780, Time: 00:08:54

Health: 0/39       AC: 11    Str: 25 (27) XL:     6   Next: 45%
Magic:  6/6        EV:  7    Int:  7 (8)  God:
Gold:   226        SH:  9    Dex:  6 (9)  Spells: 5/5 levels left

rFire    . . .     SeeInvis +   a - +0 flail
rCold    . . .     Gourm    .   c - +0 shield
rNeg     + . .     Faith    .   b - +0 scale mail
rPois    ∞         Spirit   .   (no helmet)
rElec    +         Reflect  .   (no cloak)
rCorr    .         Harm     .   (no gloves)
MR       .....                  (no boots)
Stlth    ..........             (no amulet)
HPRegen  0.13/turn              p - ring of see invisible
MPRegen  0.10/turn              (no ring)

@: mighty
A: negative energy resistance 1, electricity resistance, unbreathing,
petrification resistance, rot immunity, AC +4
a: no special abilities


You were on level 3 of the Dungeon.
You were not hungry.

You visited 1 branch of the dungeon, and saw 4 of its levels.

You collected 226 gold pieces.

Inventory:

Hand Weapons
 a - a +0 flail (weapon)
 e - a -2 hand axe
Armour
 b - a +0 scale mail (worn)
 c - a +0 shield (worn)
 h - a +0 chain mail
Jewellery
 p - a ring of see invisible (left hand)
Scrolls
 i - a scroll of recharging
 j - a scroll of remove curse
 k - a scroll of immolation {unknown}
 l - a scroll of noise {unknown}
 n - a scroll of identify
Potions
 m - a potion of heal wounds {unknown}
 o - a potion of magic {unknown}
 q - a potion of curing
 r - a potion of brilliance
 t - a potion of resistance {unknown}
 v - a potion of haste {unknown}
Books
 u - a book of Maledictions

   Spells                             Type                      Level
   a - Corona                         Hexes                        1
   b - Ensorcelled Hibernation        Hexes/Ice                    2
   c - Confuse                        Hexes                        3
   d - Tukima's Dance                 Hexes                        3
   e - Dazzling Spray                 Conjuration/Hexes            3
Comestibles
 f - 3 bread rations
 s - a chunk of flesh
 w - 2 meat rations


   Skills:
 + Level 4.7 Fighting
 * Level 4.9 Maces & Flails
 + Level 4.7 Armour
 - Level 3.2 Shields


You had 5 spell levels left.
You didn't know any spells.

Dungeon Overview and Level Annotations

Branches:
Dungeon (4/15)
 Temple: D:4-7

Altars:
Trog

Annotations:
D:3 Pikel


Innate Abilities, Weirdness & Mutations

You are resistant to torment.
Your stone body is resilient. (AC +4)
You are immune to poison.
You resist negative energy. (rN+)
You are resistant to electric shocks. (rElec)
You can survive without breathing.
You are immune to petrification.
You are immune to rotting.


Message History

The slave completely misses you. You block the slave's attack.
You block Pikel's attack. The slave hits you but does no damage.
You sock Pikel!
Pikel is almost dead.
The slave hits you.
* * * LOW HITPOINT WARNING * * *
Pikel hits you but does no damage. You block the slave's attack.
You hit Pikel but do no damage.
Pikel is almost dead.
You block the slave's attack.
Pikel hits you with a whip of electrocution.
* * * LOW HITPOINT WARNING * * *
The slave hits you but does no damage.
It was a potion of degeneration.
There was something very wrong with that liquid.
You feel weakened.
You feel dopey.
You feel clumsy. The slave hits you but does no damage.
Pikel says, "You'll feel the lick of my whip!"
You block Pikel's attack. The slave hits you.
You die...

#......# #... #.####.# ##..♣ #.#
#.# #...♣ #.####.####### ##...♣
#............# #...♣.
#######.#####.#############..♣♣.
#.......# #.#......(........♣♣
#.###########.#p############..♣♣
#.##.......##.#@p............♣..
#.##.##.......#K##########....♣.
#.##.##....†..#.# #.....♣
#.##.##.......#.##########...#+#
#.##.###+####.#.#...............
#.##..........#+#...............
#.######.#####..................
#.# #.#......................
#.# #.#.##...................


You could see Pikel and 2 slaves.

Vanquished Creatures
  The ghost of p0werm0de the Ducker, an amateur TeAr (D:3)
  An orc priest (D:3)
  An orc wizard (D:3)
  5 adders
  3 gnolls
  2 oozes
  A dart slug (D:1)
  5 leopard geckos
  An orc (D:3)
  4 bats (D:1)
  2 giant cockroaches
  12 goblins
  5 hobgoblins
  6 kobolds
  A quokka (D:3)
  10 frilled lizards
  6 rats
66 creatures vanquished.

Notes
Turn   | Place    | Note
-------+----------+-------------------------------------------
     0 | D:1      | mortelune the Gargoyle Fighter began the quest for the Orb.
     0 | D:1      | Reached XP level 1. HP: 14/14 MP: 1/1
   149 | D:1      | Reached XP level 2. HP: 19/19 MP: 2/2
   467 | D:1      | Reached XP level 3. HP: 23/23 MP: 3/3
  1063 | D:2      | Reached XP level 4. HP: 20/29 MP: 4/4
  1311 | D:2      | Found a bloodstained altar of Trog.
  1899 | D:3      | Reached XP level 5. HP: 32/33 MP: 5/5
  2438 | D:3      | Noticed p0werm0de's ghost (amateur TeAr)
  2465 | D:3      | Killed p0werm0de's ghost
  2465 | D:3      | Reached XP level 6. HP: 17/39 MP: 6/6
  2727 | D:3      | Found a faded altar of an unknown god.
  2762 | D:4      | Noticed Pikel
  2762 | D:4      | Noticed a slave
  2762 | D:4      | Noticed a slave
  2762 | D:4      | Noticed a slave
  2762 | D:4      | Noticed a slave
  2780 | D:3      | Slain by a slave

Vault maps used:
D:1:      lemuel_arrival_cross, kennysheep_decorative_pillar,
          minmay_misc_feat_tower, minivault_23, minmay_tree_intersection,
          hangedman_decor_riveting, minmay_misc_feat_square,
          minmay_misc_feat_cross, serial_park_tiny_pond
D:2:      lemuel_round_altar
D:3:      first_bread, chequers_ecumenical_altar_grove
D:4:      serial_curves, eino_curves_03, eino_curves_02,
          minmay_stone_trees_small, uniq_pikel

Skill      XL: |  1  2  3  4  5 |
---------------+----------------+-----
Maces & Flails | 3 4 |  4.9
Armour         | 4 |  4.7
Fighting       | 4 |  4.7
Shields        | |  3.2

Action                   |  1- 3 |  4- 6 || total
-------------------------+-------+-------++-------
Melee: Flail             |   141 |   169 ||   310
  Use: Scroll            |     4 |     1 ||     5
       Potion            |       |     4 ||     4
  Eat: Chunk             |       |     7 ||     7
Armor: Scale mail        |    75 |    80 ||   155
Dodge: Dodged            |    39 |    51 ||    90
Block: Shield            |    74 |    71 ||   145

Table legend:
 A = Spawn XP
 B = Non-spawn XP
 C = Spawn XP percentage of total XP
 D = Spawn monster count
 E = Non-spawn monster count
 F = Spawn count percentage of total count
 G = Total turns spent on level
                    A         B        C        D         E        F      G
               +---------+---------+-------+---------+---------+-------+---------
         Total |       0 |     456 |   0.0 |       0 |      66 |   0.0 |  2780
               +---------+---------+-------+---------+---------+-------+---------
           D:1 |       0 |      61 |   0.0 |       0 |      29 |   0.0 |   833
           D:2 |       0 |      70 |   0.0 |       0 |      17 |   0.0 |   860
           D:3 |       0 |     325 |   0.0 |       0 |      20 |   0.0 |  1084
               +---------+---------+-------+---------+---------+-------+---------
